 Dungeon Crawl Stone Soup version 0.32-a0-43-g058985b245 (webtiles) character file.

Game seed: 7452451436663952622

8281 jlumianski the Grappler (level 11, -1/88 HPs)
             Began as a Gnoll Shapeshifter on Feb 2, 2024.
             Was a Believer of Wu Jian.
             Slain by a skeletal warrior
             ... wielding a +4 heavy halberd
              (23 damage)
             ... on level 10 of the Dungeon on Feb 3, 2024.
             The game lasted 00:50:22 (9848 turns).

jlumianski the Grappler (Gnoll Shapeshifter)        Turns: 9848, Time: 00:50:22

Health: -1/88      AC: 12    Str: 22    XL:     11   Next: 28%
Magic:  0/20       EV: 18    Int:  9    God:    Wu Jian [**....]
Gold:   435        SH:  0    Dex: 13    Spells: 20/22 levels left

rFire   . . .        p - melded +7 staff of the Meek {protect, meekguard}
rCold   . . .        (shield currently unavailable)
rNeg    . . .        y - melded +0 plate armour
rPois   +            (helmet currently unavailable)
rElec   .            (cloak currently unavailable)
rCorr   .            (gloves currently unavailable)
SInv    .            (boots currently unavailable)
Will    .....        w - amulet of guardian spirit
Stlth   +++          m - +5 ring of evasion
HPRegen 0.34/turn    W - +4 ring of protection
MPRegen 0.17/turn

%: guardian spirit
@: snake-form
A: constrict, large, (fangs 1), strong nose, distributed training
a: Begin Untransformation, Renounce Religion, Wall Jump


You were on level 10 of the Dungeon.
You worshipped Wu Jian.
Wu Jian was pleased with you.
You were an enormous serpent.
You visited 2 branches of the dungeon, and saw 12 of its levels.

You collected 757 gold pieces.
You spent 322 gold pieces at shops.

Inventory:

Hand Weapons
 p - the +7 staff of the Meek (melded) {protect, meekguard}
   (You found it on level 3 of the Dungeon)
 S - the +0 rapier of Conscience {flame, Will+ rCorr Str-3 Int+3}
   (You found it on level 8 of the Dungeon)

   Str-3:     It affects your strength (-3).
   Int+3:     It affects your intelligence (+3).
   Will+:     It increases your willpower.
   rCorr:     It protects you from acid and corrosion.
Missiles
 C - 6 boomerangs (quivered)
 Q - 12 poisoned darts
Armour
 a - a +0 animal skin
 g - a +0 ring mail
 h - a +0 chain mail
 n - an orb of guile
 y - a +0 plate armour (melded)
 D - a +0 pair of boots
 X - a +1 cloak
Magical Staves
 H - a staff of conjuration
 K - a staff of earth
Jewellery
 m - a +5 ring of evasion (left hand)
 u - a +6 ring of dexterity
 w - an amulet of guardian spirit (around neck)
 B - a ring of magical power
 W - a +4 ring of protection (right hand)
 Y - a ring of fire
Talismans
 c - a beast talisman
 d - a flux talisman
 I - a serpent talisman (active)
Wands
 k - a wand of polymorph (7)
 O - a wand of iceblast (17)
 U - a wand of quicksilver (4)
 Z - a wand of paralysis (7)
Scrolls
 b - 6 scrolls of teleportation
 f - a scroll of immolation
 j - a scroll of vulnerability
 o - a scroll of noise {unknown}
 s - 2 scrolls of butterflies
 v - 2 scrolls of fog {unknown}
 z - a scroll of brand weapon {unknown}
 A - 4 scrolls of poison {unknown}
 E - a scroll of enchant armour {unknown}
 G - 2 scrolls of fear {unknown}
 R - a scroll of enchant weapon {unknown}
 T - a scroll of torment {unknown}
 V - 2 scrolls of revelation
Potions
 e - 6 potions of curing
 i - a potion of brilliance
 l - a potion of mutation
 q - a potion of heal wounds
 r - a potion of attraction
 t - 2 potions of invisibility {unknown}
 x - a potion of resistance {unknown}
 F - a potion of might {unknown}
 J - a potion of enlightenment {unknown}
 L - a potion of cancellation {unknown}
 M - a potion of haste {unknown}
 N - a potion of lignification
 P - a potion of degeneration {unknown}


   Skills:
 + Level 6.9 Fighting
 + Level 6.3 Short Blades
 + Level 6.3 Long Blades
 + Level 6.3 Axes
 + Level 6.3 Maces & Flails
 + Level 6.3 Polearms
 + Level 6.3 Staves
 + Level 6.3 Ranged Weapons
 + Level 6.3 Throwing
 + Level 6.3 Armour
 + Level 7.9 Dodging
 + Level 6.3 Stealth
 + Level 6.3 Shields
 + Level 9.2 Unarmed Combat
 + Level 6.3 Spellcasting
 + Level 5.3 Conjurations
 + Level 5.3 Hexes
 + Level 5.3 Summonings
 + Level 5.3 Necromancy
 + Level 5.3 Translocations
 + Level 5.3 Fire Magic
 + Level 5.3 Ice Magic
 + Level 5.3 Air Magic
 + Level 5.3 Earth Magic
 + Level 5.3 Alchemy
 + Level 7.0 Invocations
 + Level 6.3 Evocations
 + Level 8.8 Shapeshifting


You had 20 spell levels left.
You knew the following spells:

 Your Spells              Type           Power      Damage    Failure   Level
a - Mercury Vapours       Alch/Air       24%        N/A       3%          2

Your spell library contained the following spells:

 Spells                   Type           Power      Damage    Failure   Level
 Kiss of Death            Conj/Necr      48%        2d9       2%          1
 Sting                    Conj/Alch      48%        1d6       2%          1
 Ensorcelled Hibernation  Hex/Ice        24%        N/A       3%          2
 Confusing Touch          Hex            12%        N/A       8%          3
 Fugue of the Fallen      Necr           12%        N/A       8%          3
 Anguish                  Hex/Necr       6%         N/A       24%         4
 Animate Dead             Necr           12%        N/A       24%         4
 Dispel Undead            Necr           12%        3d9       24%         4
 Olgreb's Toxic Radiance  Alch           12%        N/A       24%         4
 Vhi's Electric Charge    Tloc/Air       24%        N/A       24%         4
 Arcjolt                  Conj/Air       6%         1d16      56%         5
 Plasma Beam              Fire/Air       6%         2x1d16    98%         6
 Haunt                    Necr/Summ      6%         N/A       100%        7
 Infestation              Necr           6%         N/A       100%        8


Dungeon Overview and Level Annotations

Branches:
Dungeon (11/15)            Temple (1/1) D:6            Lair (0/5) D:11
    Orc (0/2) D:9

Altars:
Ashenzari
Cheibriados
Dithmenos
Elyvilon
Fedhas
Gozag
Hepliaklqana
Kikubaaqudgha
Makhleb
Nemelex Xobeh
Okawaru
Qazlal
Ru
Sif Muna
Trog
Uskayaw
Vehumet
Wu Jian
Xom
Yredelemnul
Zin
The Shining One
Lugonu

Shops:
D:9 ?

Annotations:
D:10 2 transporters
D:11 1 runed translucent door


Innate Abilities, Weirdness & Mutations

You are an enormous serpent.
You have a powerful constriction melee attack.
Your armour is entirely melded.
You are incapable of wielding weapons or throwing items.
((You have very sharp teeth.))
Your uncanny sense of smell can sniff out nearby items.
Your experience applies equally to all skills.


Message History

You start resting.
Magic restored.
You start resting.
HP restored.
You climb downwards.
Level annotation: 1 runed translucent door The skeletal warrior misses you.
There is a stone staircase leading up, spattered with blood here.
You lunge at the skeletal warrior, in a flurry of attacks.
You lash the skeletal warrior! You grab the skeletal warrior.
The skeletal warrior is lightly damaged.
You lash the skeletal warrior!
The skeletal warrior is moderately damaged.
You constrict the skeletal warrior, but do no damage.
The skeletal warrior hits you with a +4 heavy halberd!!
There is a stone staircase leading up, spattered with blood here.
You hit the skeletal warrior.
The skeletal warrior is heavily damaged.
You constrict the skeletal warrior, but do no damage.
The skeletal warrior hits you with a +4 heavy halberd!!
You hit the skeletal warrior.
The skeletal warrior is heavily damaged.
You constrict the skeletal warrior. You hit the skeletal warrior.
The skeletal warrior is heavily damaged.
You constrict the skeletal warrior.
The skeletal warrior hits you with a +4 heavy halberd!!
You release your grip on the skeletal warrior.
The skeletal warrior hits you from afar with a +0 trident!
* * * LOW HITPOINT WARNING * * *
The skeletal warrior hits you from afar with a +0 trident!!
* * * LOW HITPOINT WARNING * * *
You climb upwards.
Level annotation: 2 transporters
There is a stone staircase leading down, spattered with blood here.
Okay, then.
Unknown command.
You feel much better.
The skeletal warrior hits you with a +4 heavy halberd!!
You die...

..# #.# ♣♣♣~~~.~P♣ #.#
#.# #(♣~~~.~≈♣~ #.#
#.# ♣ P #.~†≈~.~PP#
#.# #.# .♣~
#.#♣~≈.~♣~# #.# #.#
#.♣ #.#~~~.~♣ #.####[#
#.# #.#÷PP.~♣##
.....)<# #.#
#.~~~~.~♣~# ..######
#.########.~~~~.PPP♣#
###
#.#.))Sz...~~P~.~~~~#
##
##.#.#######♣~~~.~~~♣#
.# ##.#..# #P~~~.~~~~#
.# ##.###.##
##♣~P.~~~♣# .# ##.##
##.#### #~P.~~♣# .#
#.## ##...# ##♣.~~# .#
##.## ##.##.# #...##
.# ##.###.###.## #...#
.# #..#..##...## #...#


You could see a skeletal warrior.

Vanquished Creatures
  2 two-headed ogres (D:10)
  A skeletal warrior (D:10)
  Psyche (D:8)
  3 trolls
  3 water elementals
  10 yaks
  A steam dragon (D:9)
  A water moccasin (D:7)
  An orc warrior (D:10)
  2 sky beasts
  2 ice beasts
  4 wolves (D:10)
  A centaur (D:9)
  2 phantoms (D:5)
  2 kobold brigands
  2 gnoll sergeants
  3 bullfrogs
  4 scorpions
  5 wights
  9 killer bees
  3 howler monkeys (D:10)
  3 electric eels
  7 hounds
  4 orc priests
  3 iguanas
  8 orc wizards
  18 gnolls
  7 adders
  A shadow imp (D:6)
  A white imp (D:6)
  2 dart slugs
  2 ribbon worms
  22 orcs
  5 endoplasms
  6 giant cockroaches
  8 goblins
  4 hobgoblins
  8 jackals (D:3)
  4 quokkas
  6 ball pythons
  4 bats
  3 frilled lizards
  14 kobolds
  5 rats
207 creatures vanquished.

Notes
Turn   | Place    | Note
-------+----------+-------------------------------------------
     0 | D:1      | jlumianski the Gnoll Shapeshifter began the quest for the
                  | Orb.
     0 | D:1      | Reached XP level 1. HP: 17/17 MP: 1/1
   150 | D:1      | Reached XP level 2. HP: 23/23 MP: 2/2
   398 | D:2      | Reached XP level 3. HP: 21/28 MP: 3/3
   406 | D:2      | Reached skill level 1 in Invocations
   559 | D:2      | Reached skill level 1 in Short Blades
   559 | D:2      | Reached skill level 1 in Long Blades
   559 | D:2      | Reached skill level 1 in Axes
   559 | D:2      | Reached skill level 1 in Maces & Flails
   559 | D:2      | Reached skill level 1 in Polearms
   559 | D:2      | Reached skill level 1 in Staves
   559 | D:2      | Reached skill level 1 in Ranged Weapons
   559 | D:2      | Reached skill level 1 in Throwing
   559 | D:2      | Reached skill level 1 in Armour
   559 | D:2      | Reached skill level 1 in Stealth
   559 | D:2      | Reached skill level 1 in Shields
   559 | D:2      | Reached skill level 1 in Spellcasting
   559 | D:2      | Reached skill level 1 in Evocations
   636 | D:3      | Noticed a scorpion
   647 | D:3      | Killed a scorpion
   648 | D:3      | Reached skill level 1 in Conjurations
   648 | D:3      | Reached skill level 1 in Hexes
   648 | D:3      | Reached skill level 1 in Summonings
   648 | D:3      | Reached skill level 1 in Necromancy
   648 | D:3      | Reached skill level 1 in Translocations
   648 | D:3      | Reached skill level 1 in Fire Magic
   648 | D:3      | Reached skill level 1 in Ice Magic
   648 | D:3      | Reached skill level 1 in Air Magic
   648 | D:3      | Reached skill level 1 in Earth Magic
   648 | D:3      | Reached skill level 1 in Alchemy
   648 | D:3      | Reached XP level 4. HP: 28/34 MP: 5/5
   659 | D:3      | Reached XP level 5. HP: 30/40 MP: 5/7
   714 | D:3      | Found a faded altar of an unknown god.
  1580 | D:3      | Upgraded the game from 0.32-a0-42-ga30500b4d3 to
                  | 0.32-a0-43-g058985b245
  1697 | D:3      | Found the +7 staff of the Meek {protect, meekguard}
  1784 | D:3      | Found an ancient bone altar of Kikubaaqudgha.
  1788 | D:3      | Found a blossoming altar of Fedhas.
  2131 | D:4      | Reached XP level 6. HP: 31/47 MP: 4/8
  2249 | D:5      | Entered Level 5 of the Dungeon
  2455 | D:5      | Reached skill level 5 in Dodging
  2595 | D:4      | Reached skill level 7 in Unarmed Combat
  2595 | D:4      | Reached XP level 7. HP: 51/52 MP: 10/10
  2931 | D:4      | Found a burning altar of Makhleb.
  3504 | D:6      | Found a sparkling altar of Nemelex Xobeh.
  3506 | D:6      | Found a shimmering altar of Xom.
  3508 | D:6      | Found an iron altar of Okawaru.
  3508 | D:6      | Found a bloodstained altar of Trog.
  3558 | D:5      | Reached XP level 8. HP: 57/60 MP: 10/12
  4498 | D:6      | Found an ornate altar of the Wu Jian Council.
  4502 | D:6      | Became a worshipper of the Wu Jian Council
  4805 | D:6      | Found a shimmering blue altar of Sif Muna.
  4949 | D:6      | Found a staircase to the Ecumenical Temple.
  4958 | Temple   | Entered the Ecumenical Temple
  5409 | D:7      | Found a hide-covered altar of Uskayaw.
  5603 | D:7      | Found a stormy altar of Qazlal.
  6198 | D:9      | Noticed a troll
  6483 | D:8      | Reached XP level 9. HP: 59/66 MP: 12/14
  6511 | D:8      | Found a white marble altar of Elyvilon.
  6580 | D:8      | Noticed Psyche
  6584 | D:8      | Killed Psyche
  6607 | D:8      | Reached skill level 5 in Fighting
  6632 | D:8      | Identified the +0 rapier of Conscience {flame, Will+ rCorr
                  | Str-3 Int+3}
  6779 | D:8      | Reached skill level 8 in Unarmed Combat
  6786 | D:8      | Reached skill level 5 in Invocations
  7094 | D:9      | Found Jegar's Magic Scroll Shoppe.
  7100 | D:9      | Found a staircase to the Orcish Mines.
  7105 | D:9      | Bought a scroll of identify for 28 gold pieces
  7105 | D:9      | Bought a scroll of revelation for 105 gold pieces
  7105 | D:9      | Bought a scroll of teleportation for 42 gold pieces
  7105 | D:9      | Bought a scroll of teleportation for 42 gold pieces
  7105 | D:9      | Bought a scroll of revelation for 105 gold pieces
  7140 | D:8      | Learned a level 2 spell: Mercury Vapours
  7148 | D:8      | Killed a troll
  7149 | D:8      | Reached skill level 5 in Short Blades
  7149 | D:8      | Reached skill level 5 in Long Blades
  7149 | D:8      | Reached skill level 5 in Axes
  7149 | D:8      | Reached skill level 5 in Maces & Flails
  7149 | D:8      | Reached skill level 5 in Polearms
  7149 | D:8      | Reached skill level 5 in Staves
  7149 | D:8      | Reached skill level 5 in Ranged Weapons
  7149 | D:8      | Reached skill level 5 in Throwing
  7149 | D:8      | Reached skill level 5 in Armour
  7149 | D:8      | Reached skill level 5 in Stealth
  7149 | D:8      | Reached skill level 5 in Shields
  7149 | D:8      | Reached skill level 5 in Spellcasting
  7149 | D:8      | Reached skill level 5 in Evocations
  7149 | D:8      | Reached XP level 10. HP: 59/76 MP: 10/17
  7239 | D:9      | Reached * piety under Wu Jian
  7304 | D:10     | Entered Level 10 of the Dungeon
  8120 | D:11     | Noticed a skeletal warrior
  8120 | D:11     | Noticed a skeletal warrior
  8434 | D:10     | Noticed a two-headed ogre
  8441 | D:10     | Killed a two-headed ogre
  8542 | D:10     | Found a corrupted altar of Lugonu.
  8543 | D:10     | Noticed a white ugly thing
  8545 | D:10     | Noticed a guardian serpent
  8547 | D:10     | Noticed a large abomination
  8572 | D:10     | Noticed a two-headed ogre
  8579 | D:10     | Killed a two-headed ogre
  8579 | D:10     | Reached ** piety under Wu Jian
  8580 | D:10     | Reached skill level 9 in Unarmed Combat
  8697 | D:10     | Reached skill level 5 in Conjurations
  8697 | D:10     | Reached skill level 5 in Hexes
  8697 | D:10     | Reached skill level 5 in Summonings
  8697 | D:10     | Reached skill level 5 in Necromancy
  8697 | D:10     | Reached skill level 5 in Translocations
  8697 | D:10     | Reached skill level 5 in Fire Magic
  8697 | D:10     | Reached skill level 5 in Ice Magic
  8697 | D:10     | Reached skill level 5 in Air Magic
  8697 | D:10     | Reached skill level 5 in Earth Magic
  8697 | D:10     | Reached skill level 5 in Alchemy
  8703 | D:10     | Reached XP level 11. HP: 80/83 MP: 15/20
  8760 | D:10     | Found a glowing silver altar of Zin.
  8867 | D:10     | Found a transporter.
  8870 | D:10     | Found a transporter.
  8877 | D:10     | a blink frog changed into a harpy
  8877 | D:10     | Noticed a harpy (shapeshifter)
  8983 | D:11     | Found a runed translucent door.
  9013 | D:11     | Found a staircase to the Lair.
  9079 | D:11     | Noticed a skeletal warrior
  9276 | D:11     | Noticed a skeletal warrior
  9282 | D:11     | Noticed a skeletal warrior
  9329 | D:10     | Killed a skeletal warrior
  9846 | D:11     | HP: 2/88 [skeletal warrior/+0 trident (20)]
  9848 | D:10     | Slain by a skeletal warrior

Illustrated notes

Levels and vault maps discovered:
D:1:      dpeg_arrival_pond, layout_basic, minmay_misc_feat_tower
D:2:      layout_basic, minmay_tromino_v4_b
D:3:      layout_basic, grunt_temple_overflow_growth_and_decay,
          nicolae_ecumenical_snake_handling, nrook_mini_backslash,
          minmay_pentomino_pile
D:4:      layout_gridville, mainiacjoe_overflow_surrounded_room,
          hangedman_decor_push, st_stairs_10
D:5:      layout_basic
D:6:      layout_basic, led_sif_book,
          chequers_temple_overflow_statue_of_worship, kennysheep_mini_moat,
          lemuel_temple_firewalk_b
D:7:      layout_cave_pods, amcnicky_altar_gilded,
          mainiacjoe_overflow_six_doors_small
D:8:      layout_rooms, mainiacjoe_overflow_paths, minmay_misc_feat_tiny,
          uniq_psyche
D:9:      layout_cave_pools, orc_0_dummy, serial_column_ruins,
          column_ruins_open_tiny, column_ruins_corridor_straight,
          column_ruins_grid_2, column_ruins_open_tiny_water,
          column_ruins_open_tiny, column_ruins_corridor_water, serial_shops,
          shop, grunt_ministairs_5
D:10:     gammafunk_corrupted_shrine, layout_loops_ring,
          mainiacjoe_overflow_alcove_1, serial_bayou_lagoon_b
D:11:     layout_cave_pools, erik_lair_island, lightli_airlock
Temple:   hellmonk_temple_beads

Skill      XL: |  1  2  3  4  5  6  7  8  9 10 11 |
---------------+----------------------------------+-----
Invocations    | 1 2 3 4 5 6 7 |  7.0
Short Blades   | 1 2 3 5 6 |  6.3
Long Blades    | 1 2 3 5 6 |  6.3
Axes           | 1 2 3 5 6 |  6.3
Maces & Flails | 1 2 3 5 6 |  6.3
Polearms       | 1 2 3 5 6 |  6.3
Staves         | 1 2 3 5 6 |  6.3
Ranged Weapons | 1 2 3 5 6 |  6.3
Throwing       | 1 2 3 5 6 |  6.3
Armour         | 1 2 3 5 6 |  6.3
Stealth        | 1 2 3 5 6 |  6.3
Shields        | 1 2 3 5 6 |  6.3
Spellcasting   | 1 2 3 5 6 |  6.3
Evocations     | 1 2 3 5 6 |  6.3
Conjurations   | 1 2 3 4 5 |  5.3
Hexes          | 1 2 3 4 5 |  5.3
Summonings     | 1 2 3 4 5 |  5.3
Necromancy     | 1 2 3 4 5 |  5.3
Translocations | 1 2 3 4 5 |  5.3
Fire Magic     | 1 2 3 4 5 |  5.3
Ice Magic      | 1 2 3 4 5 |  5.3
Air Magic      | 1 2 3 4 5 |  5.3
Earth Magic    | 1 2 3 4 5 |  5.3
Alchemy        | 1 2 3 4 5 |  5.3
Fighting       | 3 4 5 6 |  6.9
Dodging        | 5 6 7 |  7.9
Unarmed Combat | 7 8 9 |  9.2
Shapeshifting  | 7 8 |  8.8

Action                     |  1- 3 |  4- 6 |  7- 9 | 10-12 || total
---------------------------+-------+-------+-------+-------++-------
  Melee: Unarmed           |    47 |    55 |     9 |   193 ||   304
         Bite              |     4 |     9 |    23 |       ||    36
         Quarterstaff      |       |    56 |   181 |       ||   237
         Punch             |       |     1 |       |       ||     1
         Constrict         |       |       |     3 |    49 ||    52
   Cast: Mercury Vapours   |       |       |     1 |    14 ||    15
Ability: Lunge             |       |       |    10 |    22 ||    32
         Whirlwind         |       |       |       |     8 ||     8
         Wall Jump         |       |       |       |     1 ||     1
  Evoke: Wand              |       |       |     3 |       ||     3
    Use: Potion            |     1 |     1 |       |     1 ||     3
         Scroll            |       |     3 |     2 |     3 ||     8
   Stab: Sleeping          |     1 |       |     1 |     1 ||     3
 Armour: Animal skin       |    27 |     1 |       |       ||    28
         Skin              |     1 |       |     6 |   139 ||   146
         Chain mail        |       |    39 |       |       ||    39
         Ring mail         |       |     3 |       |       ||     3
         Plate armour      |       |    19 |   150 |       ||   169
  Dodge: Dodged            |    26 |    70 |   130 |   234 ||   460
   Form: Serpent           |       |       |     1 |       ||     1

Table legend: (Time is in decaauts)
 A = Elapsed time spent in this place.
 B = Non-inter-level travel time spent in this place.
 C = Inter-level travel time spent in this place.
 D = Time resting spent in this place.
 E = Time spent auto-exploring this place.
 F = Levels seen in this place.
 G = Mean time per level.
                   A        B        C        D        E       F      G
               +--------+--------+--------+--------+--------+-----+--------+
         Total |   9882 |   9754 |    128 |   1071 |   5017 |  12 |  823.5 |
       Dungeon |   9880 |   9752 |    128 |   1071 |   5017 |  11 |  898.2 |
        Temple |      1 |      1 |      0 |      0 |      0 |   1 |    1.0 |
               +--------+--------+--------+--------+--------+-----+--------+

Top non-repeatable levels by time:
    D:10: 1690 daAuts
     D:5: 1284 daAuts
     D:8: 1038 daAuts
     D:6: 987 daAuts
     D:7: 946 daAuts
     D:4: 869 daAuts
     D:2: 773 daAuts
     D:3: 737 daAuts
     D:9: 646 daAuts
     D:1: 582 daAuts
    D:11: 325 daAuts
  Temple: 1 daAuts
